 Dungeon Crawl Stone Soup version 0.27-a0-965-gbf8bb431c4 (webtiles) character file.

Game seed: 7447787537887792446

15 siradein the Insei (level 2, 0/21 HPs)
             Began as a Demonspawn Transmuter on Apr 13, 2021.
             Slain by a jackal (1 damage)
             ... on level 1 of the Dungeon.
             The game lasted 00:01:32 (626 turns).

siradein the Insei (Demonspawn Transmuter)           Turns: 626, Time: 00:01:33

Health: 0/21       AC:  2    Str: 10    XL:     2   Next: 34%
Magic:  5/5        EV: 12    Int: 14    God:
Gold:   45         SH:  0    Dex: 13    Spells: 4/5 levels left

rFire    . . .     SeeInvis .     - Unarmed
rCold    . . .     Faith    .   (no shield)
rNeg     . . .     Spirit   .   a - +0 robe
rPois    .         Reflect  .   (helmet restricted)
rElec    .         Harm     .   (no cloak)
rCorr    .         Rampage  .   (no gloves)
Will     .....                  (no boots)
Stlth    +.........             (no amulet)
HPRegen  0.07/turn              (no ring)
MPRegen  0.09/turn              (no ring)

@: no status effects
A: antennae 1
a: no special abilities


You were on level 1 of the Dungeon.
You visited 1 branch of the dungeon, and saw 1 of its levels.

You collected 45 gold pieces.

Inventory:

Missiles
 f - a throwing net
Armour
 a - a +0 robe (worn)
Scrolls
 b - a scroll of fear {unknown}
 c - a scroll of identify {unknown}
Potions
 d - a potion of curing {unknown}
 e - 2 potions of attraction {unknown}


   Skills:
 - Level 1.0 Fighting
 - Level 1.7 Dodging
 + Level 3.1 Unarmed Combat
 + Level 2.4 Spellcasting
 - Level 1.7 Transmutations


You had 4 spell levels left.
You knew the following spells:

 Your Spells              Type           Power      Damage    Failure   Level
a - Beastly Appendage     Tmut           12%        N/A       11%         1

Your spell library contained the following spells:

 Spells                   Type           Power      Damage    Failure   Level
 Wereblood                Tmut           6%         N/A       17%         2
 Animate Skeleton         Necr           2%         N/A       22%         1
 Apportation              Tloc           2%         N/A       22%         1
 Corona                   Hex            1%         N/A       22%         1
 Magic Dart               Conj           4%         1d3       22%         1
 Summon Small Mammal      Summ           4%         N/A       22%         1
 Blink                    Tloc           N/A        N/A       34%         2
 Call Imp                 Summ           1%         N/A       34%         2
 Slow                     Hex            1%         N/A       34%         2
 Spider Form              Tmut/Pois      2%         N/A       43%         3
 Conjure Flame            Conj/Fire      1%         6-21      56%         3
 Mephitic Cloud           Conj/Pois/Air  1%         N/A       56%         3
 Ice Form                 Ice/Tmut       4%         N/A       83%         4
 Hydra Form               Tmut           3%         N/A       97%         5


Dungeon Overview and Level Annotations

Branches:
Dungeon (1/15)

Altars:


Innate Abilities, Weirdness & Mutations

You have a pair of small antennae on your head.


Message History

Your transformation is almost over.
You hit the jackal but do no damage. Your kick misses the jackal.
The jackal bites you.
You miss the jackal. The jackal bites you.
You hit the jackal.
You kill the jackal!
You hit the jackal but do no damage. Your kick misses the jackal.
The jackal closely misses you.
You closely miss the jackal. Your kick misses the jackal.
The jackal bites you but does no damage.
You closely miss the jackal. You claw the jackal, but do no damage.
Your punch misses the jackal. The jackal completely misses you.
The jackal bites you but does no damage.
You miss the jackal. You claw the jackal.
You kill the jackal!
You closely miss the jackal.
The jackal bites you but does no damage.
The jackal barely misses you.
You closely miss the jackal. You claw the jackal, but do no damage.
Your talons disappear.
The jackal barely misses you.
You barely miss the jackal. Your punch misses the jackal.
The jackal bites you but does no damage.
You miss the jackal. The jackal bites you.
* * * LOW HITPOINT WARNING * * *
The jackal bites you.
* * * LOW HITPOINT WARNING * * *
You closely miss the jackal. The jackal misses you.
You barely miss the jackal. The jackal misses you.
You hit the jackal.
The jackal is heavily wounded.
The jackal barely misses you. The jackal closely misses you.
You hit the jackal but do no damage.
The jackal is heavily wounded.
The jackal bites you.
* * * LOW HITPOINT WARNING * * *
You barely miss the jackal.
The jackal is heavily wounded.
The jackal bites you.
You die...

#..........#
#..........#
#..........#
#.?........#
#...?......##
#...........#
########.##..####
#h# .... #@# ..#
########.# >..
#........###.#
#........#...# #
#....[.....###..##
♣♣♣♣♣♣
#.................
♣.....
#######..#.###....


♣.PPPP ##...# # ♣.P≈≈≈ #..)## ######♣.P≈8≈ You could see a jackal.

Vanquished Creatures
  2 endoplasms (D:1)
  A giant cockroach (D:1)
  2 goblins (D:1)
  2 hobgoblins (D:1)
  2 jackals (D:1)
  A bat (D:1)
  3 rats (D:1)
13 creatures vanquished.

Notes
Turn   | Place    | Note
-------+----------+-------------------------------------------
     0 | D:1      | siradein the Demonspawn Transmuter began the quest for the
                  | Orb.
     0 | D:1      | Reached XP level 1. HP: 15/15 MP: 3/3
   311 | D:1      | Reached skill level 3 in Unarmed Combat
   312 | D:1      | Lost mutation: You have a pair of horns on your head.
                  | [demonic ancestry]
   312 | D:1      | Lost mutation: You have a pair of small horns on your head.
                  | [demonic ancestry]
   312 | D:1      | Gained mutation: You have a pair of small antennae on your
                  | head. [demonic ancestry]
   312 | D:1      | Reached XP level 2. HP: 16/21 MP: 3/5
   443 | D:1      | Found a faded altar of an unknown god.
   625 | D:1      | HP: 1/21 [jackal (2)]
   626 | D:1      | Slain by a jackal

Illustrated notes

Levels and vault maps discovered:
D:1:      tarquinn_simple_flora_water_a, layout_rooms,
          shapermc_ecumenical_altar_venn

Skill      XL: |  1 |
---------------+----+-----
Unarmed Combat | 3 |  3.1
Fighting       | |  1.0
Dodging        | |  1.7
Spellcasting   | |  2.4
Transmutations | |  1.7

Action                   || total
-------------------------++-------
Melee: Unarmed           ||    48
       Headbutt          ||     3
       Kick              ||     5
 Cast: Beastly Appendage ||     8
Armor: Robe              ||    14
Dodge: Dodged            ||    37

Table legend: (Time is in decaauts)
 A = Elapsed time spent in this place.
 B = Non-inter-level travel time spent in this place.
 C = Inter-level travel time spent in this place.
 D = Time resting spent in this place.
 E = Time spent auto-exploring this place.
 F = Levels seen in this place.
 G = Mean time per level.
                   A        B        C        D        E       F      G
               +--------+--------+--------+--------+--------+-----+--------+
         Total |    623 |    623 |      0 |      0 |    527 |   1 |  623.0 |
       Dungeon |    623 |    623 |      0 |      0 |    527 |   1 |  623.0 |
               +--------+--------+--------+--------+--------+-----+--------+

Top non-repeatable levels by time:
     D:1: 623 daAuts
